 Dungeon Crawl Stone Soup version 0.21.0-37-g46506fa (webtiles) character file.

86 piemaster the Chopper (level 4, 0/60 HPs)
             Began as a Minotaur Berserker on Jan 31, 2018.
             Was a Believer of Trog.
             Slain by a gnoll
             ... wielding a +0 spear
              (11 damage)
             ... on level 3 of the Dungeon.
             The game lasted 00:03:26 (2459 turns).

piemaster the Chopper (Minotaur Berserker)          Turns: 2459, Time: 00:03:26

Health: 0/60       AC:  2    Str: 27    XL:     4   Next: 26%
Magic:  3/3        EV: 12    Int:  4    God:    Trog [**....]
Gold:   170        SH:  0    Dex: 10    Spells: 3/3 levels left

rFire    . . .     SeeInvis .   a - +0 hand axe
rCold    . . .     Gourm    .   (no shield)
rNeg     . . .     Faith    .   b - +0 animal skin
rPois    .         Spirit   .   (helmet restricted)
rElec    .         Reflect  .   (no cloak)
rCorr    .         Harm     .   (no gloves)
MR       .....                  (no boots)
Stlth    ..........             (no amulet)
HPRegen  0.20/turn              (no ring)
MPRegen  0.08/turn              (no ring)

@: berserking, very quick
A: retaliatory headbutt, horns 2
a: Berserk, Trog's Hand, Burn Spellbooks, Renounce Religion


You were on level 3 of the Dungeon.
You worshipped Trog.
Trog was pleased with you.
You were hungry.

You visited 1 branch of the dungeon, and saw 3 of its levels.

You collected 170 gold pieces.

Inventory:

Hand Weapons
 a - a +0 hand axe (weapon)
Armour
 b - a +0 animal skin (worn)
Scrolls
 d - a scroll of enchant weapon {unknown}
 f - 4 scrolls of identify
 h - 2 scrolls of immolation {unknown}
 l - a scroll of remove curse {unknown}
Potions
 e - a potion of resistance {unknown}
 g - a potion of agility {unknown}
 i - 2 potions of heal wounds {unknown}
 j - a potion of might {unknown}
 k - a potion of ambrosia {unknown}
 m - a potion of invisibility
Comestibles
 c - 6 rations
 n - a chunk of flesh


   Skills:
 + Level 4.3 Fighting
 * Level 4.8 Axes
 + Level 3.2 Armour
 + Level 2.9 Dodging


You had 3 spell levels left.
You didn't know any spells.

Dungeon Overview and Level Annotations

Branches:
Dungeon (3/15)

Altars:


Innate Abilities, Weirdness & Mutations

You reflexively headbutt those who attack you in melee.
You have a pair of horns on your head.


Message History

You feel yourself moving faster!
You feel mighty!
You are feeling hungry.
The gnoll hits you with a spear.
The gnoll hits you from afar with a spear.
You are too injured to fight recklessly!
You are too injured to fight recklessly!
You slash the gnoll!
You headbutt the gnoll, but do no damage.
The gnoll is severely wounded.
The gnoll hits you with a spear.
* * * LOW HITPOINT WARNING * * *
The gnoll hits you from afar with a spear.
* * * LOW HITPOINT WARNING * * *
You barely miss the gnoll.
The gnoll is severely wounded.
The gnoll barely misses you. You furiously retaliate!
You headbutt the gnoll!
You kill the gnoll!
Trog accepts your kill.
The gnoll hits you from afar with a spear!
You die...

#.# ###..###.#
.....##.# ....##..
..g##.#### gg##....#
#)##....#
.#####@##....######.
.....................
......##.#.##...####.
......##.#.##...##.#
..... #....#.......#
..... #.#..#.#####.#
.... #...>...## #
.... #.##.#...# ...#.
#.#...#


You could see 2 gnolls and a hobgoblin.

Vanquished Creatures
  A gnoll (D:3)
  An adder (D:2)
  2 oozes
  2 worms (D:2)
  2 dart slugs (D:1)
  2 leopard geckos (D:1)
  8 bats
  A giant cockroach (D:3)
  3 hobgoblins (D:1)
  5 jackals
  5 kobolds
  A quokka (D:2)
  A ball python (D:2)
  2 frilled lizards (D:2)
  5 goblins
  8 rats
49 creatures vanquished.

Notes
Turn   | Place    | Note
-------+----------+-------------------------------------------
     0 | D:1      | piemaster the Minotaur Berserker began the quest for the Orb.
     0 | D:1      | Reached XP level 1. HP: 19/19 MP: 0/0
   380 | D:1      | Reached XP level 2. HP: 17/27 MP: 1/1
   922 | D:1      | Reached XP level 3. HP: 32/33 MP: 2/2
  1592 | D:2      | Reached ** piety under Trog
  2151 | D:2      | Reached XP level 4. HP: 37/40 MP: 3/3
  2459 | D:3      | Slain by a gnoll

Skill      XL: |  1  2  3 |
---------------+----------+-----
Axes           | 4 |  4.8
Fighting       | 4 |  4.3
Armour         | 3 |  3.2
Dodging        | |  2.9

Action                   |  1- 3 |  4- 6 || total
-------------------------+-------+-------++-------
Melee: Hand axe          |   107 |    18 ||   125
       Headbutt          |    11 |     2 ||    13
Invok: Berserk           |       |     1 ||     1
  Use: Scroll            |       |     1 ||     1
  Eat: Chunk             |     4 |     1 ||     5
Armor: Animal skin       |    23 |     1 ||    24
Dodge: Dodged            |    74 |    19 ||    93
